 Dungeon Crawl Stone Soup version 0.25-a0-937-gcfae464cf3 (webtiles) character file.

Game seed: 11151698904058889110, levelgen mode: deterministic

2151 kae the Schismatic (level 9, -8/71 HPs)
             Began as a Demonspawn Abyssal Knight on May 4, 2020.
             Was an Elder of Lugonu.
             Killed by Freeze
             ... invoked by Thantalas's ghost
              (10 damage)
             ... on level 6 of the Dungeon.
             The game lasted 00:09:46 (9790 turns).

kae the Schismatic (Demonspawn Abyssal Knight)      Turns: 9790, Time: 00:09:46

Health: -8/71      AC: 10    Str: 16    XL:     9   Next: 10%
Magic:  14/15      EV: 12    Int: 16    God:    Lugonu [****..]
Gold:   367        SH:  0    Dex: 13    Spells: 8/8 levels left

rFire    . . .     SeeInvis .   u - +1 dire flail (venom)
rCold    . . .     Gourm    .   (shield currently unavailable)
rNeg     . . .     Faith    .   s - +0 ring mail
rPois    .         Spirit   .   z - +0 helmet {Int+3}
rElec    .         Reflect  .   (no cloak)
rCorr    .         Harm     .   j - +1 pair of gloves
MR       +....                  d - +1 pair of boots
Stlth    +.........             (no amulet)
HPRegen  0.21/turn              x - ring of protection from magic
MPRegen  0.14/turn              (no ring)

@: mighty
A: claws 1, repulsion field 1, demonic guardian 1, powered by pain 2
a: Depart the Abyss, Bend Space, Banish, Corrupt, Renounce Religion


You were on level 6 of the Dungeon.
You worshipped Lugonu.
Lugonu was greatly pleased with you.
You were hungry.

You visited 1 branch of the dungeon, and saw 6 of its levels.
You visited the Abyss 1 time.
You also visited: Sewer.

You collected 367 gold pieces.

Inventory:

Hand Weapons
 a - a +3 mace
 f - a +0 whip of electrocution
 p - a +2 whip of flaming
 u - a +1 dire flail of venom (weapon)
Armour
 d - a +1 pair of boots (worn)
 j - a +1 pair of gloves (worn)
 s - a +0 ring mail (worn)
 z - a +0 helmet of intelligence (worn)
Jewellery
 x - a ring of protection from magic (left hand)
 B - an uncursed ring of protection from cold {unknown}
 D - an uncursed ring of protection from magic
Wands
 r - a wand of flame (4)
Scrolls
 h - a scroll of fog {unknown}
 l - 3 scrolls of remove curse
 q - 7 scrolls of identify
 y - 3 scrolls of teleportation
 A - a scroll of enchant armour
Potions
 e - 4 potions of brilliance
 g - 3 potions of curing
 i - 2 potions of might
 k - a potion of magic
 m - 3 potions of haste
 n - 3 potions of berserk rage
 o - 2 potions of heal wounds
 t - 2 potions of degeneration {unknown}
 v - a potion of flight
 w - a potion of ambrosia {unknown}
 C - 2 potions of cancellation {unknown}
Comestibles
 c - 10 rations


   Skills:
 + Level 6.6 Fighting
 - Level 3.1 Maces & Flails
 - Level 1.7 Armour
 - Level 0.8 Dodging
 * Level 7.3 Unarmed Combat
 + Level 8.2 Invocations


You had 8 spell levels left.
You didn't know any spells.
Your spell library was empty.

Dungeon Overview and Level Annotations

Branches:
Dungeon (6/15)             Temple (0/1) D:6           Sewer (visited)

Altars:
Cheibriados
Elyvilon
Gozag
Hepliaklqana
Nemelex Xobeh
Qazlal
Ru
Uskayaw

Shops:
D:4 =

Annotations:
D:6 Thantalas's ghost, novice MfIE


Innate Abilities, Weirdness & Mutations

You have sharp fingernails.
You are surrounded by a mild repulsion field. (EV +2)
A weak demonic guardian rushes to your aid.
You sometimes gain power by taking damage.


Message History

You hit Thantalas's ghost.
Thantalas's ghost is severely damaged.
Thantalas's ghost hits you.
You puncture Thantalas's ghost!
Thantalas's ghost is almost destroyed.
You are feeling hungry.
Thantalas's ghost hits you.
Thantalas's ghost gestures at you while chanting.
You are frozen.
* * * LOW HITPOINT WARNING * * *
You barely miss Thantalas's ghost.
Thantalas's ghost is almost destroyed.
Thantalas's ghost points at you and mumbles some strange words.
You are frozen.
* * * LOW HITPOINT WARNING * * *
You miss Thantalas's ghost.
Thantalas's ghost is almost destroyed.
Thantalas's ghost points at you and mumbles some strange words.
You are frozen.
You die...

##### ##...## #### #..@..#
#8.. ##W##.# #... #§§§#.#
#..> ####§§§#.#### #...
#..# §§#....# #8.(
###########..#####..(÷#####
###'
..............''.....>.(..#
##.
#####.#.###...##......###.#
##≈. # #.#.# ######......#
#.# #≈§.


You could see Thantalas's ghost.

Vanquished Creatures
  Pikel (D:6)
  A kobold demonologist (D:6)
  Eustachio (D:6)
  Edmund (D:4)
  An ogre (D:5)
  A big kobold (Sewer)
  A bullfrog (D:6)
  A scorpion (D:6)
  A howler monkey (D:5)
  A crimson imp (D:5)
  A quasit (D:5)
  3 orc priests
  4 orc wizards
  Natasha (thrice) (D:3)
  2 worker ants
  A worker ant zombie (D:6)
  12 adders
  4 gnolls (D:6)
  4 shadow imps (D:3)
  2 oozes (Sewer)
  An adder skeleton (D:4)
  4 worms
  3 leopard geckos
  10 orcs
  5 giant cockroaches
  7 hobgoblins
  7 jackals (D:1)
  20 kobolds
  3 quokkas
  15 bats
  9 frilled lizards
  13 goblins
  31 rats
174 creatures vanquished.

Vanquished Creatures (collateral kills)
  An orc warrior (D:5)
  An ogre (D:5)
  2 big kobolds (Sewer)
  A howler monkey (D:4)
  A hound (D:5)
  An orc priest (D:6)
  An orc wizard (D:6)
  An adder skeleton (D:4)
  3 orcs
  3 kobolds (Sewer)
15 creatures vanquished.

Grand Total: 189 creatures vanquished

Notes
Turn   | Place    | Note
-------+----------+-------------------------------------------
     0 | Abyss:1  | kae the Demonspawn Abyssal Knight began the quest for the
                  | Orb.
     0 | Abyss:1  | Reached XP level 1. HP: 18/18 MP: 2/2
    71 | Abyss:1  | Noticed a thrashing horror
    72 | D:1      | Escaped the Abyss
   205 | D:1      | Reached * piety under Lugonu
   244 | D:1      | Gained mutation: A weak demonic guardian rushes to your
                  | aid. [demonic ancestry]
   244 | D:1      | Reached XP level 2. HP: 21/24 MP: 4/4
   604 | D:1      | Reached skill level 3 in Invocations
   872 | D:1      | Gained mutation: You sometimes gain a little power by
                  | taking damage. [demonic ancestry]
   872 | D:1      | Reached XP level 3. HP: 29/29 MP: 5/5
   926 | D:1      | Reached ** piety under Lugonu
  1378 | D:2      | Found a hazy altar of Hepliaklqana.
  1462 | D:2      | Gained mutation: You have sharp fingernails. [demonic
                  | ancestry]
  1462 | D:2      | Reached XP level 4. HP: 13/35 MP: 6/6
  1958 | D:2      | Found a sacrificial altar of Ru.
  2071 | D:2      | Reached skill level 1 in Unarmed Combat
  2995 | D:3      | Gained mutation: You sometimes gain power by taking damage.
                  | [demonic ancestry]
  2995 | D:3      | Reached XP level 5. HP: 42/42 MP: 7/7
  2999 | D:3      | Reached skill level 4 in Invocations
  3055 | D:3      | Found a faded altar of an unknown god.
  3082 | D:3      | Reached *** piety under Lugonu
  3199 | D:3      | Found a glowing drain.
  3309 | Sewer    | Entered a sewer
  3561 | Sewer    | Reached XP level 6. HP: 18/48 MP: 9/9
  4093 | D:3      | Found a transporter.
  4308 | D:3      | Found a transporter.
  5204 | D:4      | Noticed Edmund
  5209 | D:4      | Reached **** piety under Lugonu
  5209 | D:4      | Reached skill level 5 in Invocations
  5502 | D:4      | Noticed Natasha
  5525 | D:3      | Killed Natasha
  5628 | D:3      | Noticed Natasha
  5635 | D:3      | Killed Natasha
  5983 | D:3      | Noticed Natasha
  5994 | D:3      | Killed Natasha
  6089 | D:3      | Found a transporter.
  6111 | D:3      | Found a transporter.
  6299 | D:3      | Found a faded altar of an unknown god.
  6481 | D:4      | Reached XP level 7. HP: 55/55 MP: 10/10
  6495 | D:4      | Killed Edmund
  6997 | D:4      | Found Agyawoph's Jewellery Shoppe.
  7070 | D:4      | Found a stormy altar of Qazlal.
  7105 | D:4      | Found a white marble altar of Elyvilon.
  7105 | D:4      | Found a hide-covered altar of Uskayaw.
  7154 | D:4      | Found an opulent altar of Gozag.
  7424 | D:4      | Reached skill level 5 in Fighting
  7586 | D:5      | Entered Level 5 of the Dungeon
  7662 | D:5      | Found a sparkling altar of Nemelex Xobeh.
  7800 | D:5      | Reached skill level 6 in Invocations
  8145 | D:5      | Reached skill level 5 in Unarmed Combat
  8440 | D:6      | Reached XP level 8. HP: 41/63 MP: 12/12
  8443 | D:6      | Noticed Eustachio
  8888 | D:6      | Reached ***** piety under Lugonu
  9190 | D:6      | Killed Eustachio
  9190 | D:6      | Reached skill level 7 in Invocations
  9547 | D:6      | Found a staircase to the Ecumenical Temple.
  9583 | D:6      | Found a snail-covered altar of Cheibriados.
  9678 | D:6      | Noticed Pikel
  9686 | D:6      | Killed Pikel
  9773 | D:6      | Found a runed translucent door.
  9773 | D:6      | Noticed a kobold demonologist
  9773 | D:6      | Noticed Thantalas's ghost (novice MfIE)
  9780 | D:6      | Killed a kobold demonologist
  9780 | D:6      | Reached skill level 8 in Invocations
  9780 | D:6      | Gained mutation: You are surrounded by a mild repulsion
                  | field. (EV +2) [demonic ancestry]
  9780 | D:6      | Reached XP level 9. HP: 70/71 MP: 13/15
  9789 | D:6      | HP: 2/71 [Thantalas's ghost/Freeze (13)]
  9790 | D:6      | Killed from afar by Thantalas's ghost

Levels and vault maps discovered:
D:1:      dpeg_arrival_concentric_ovals, layout_basic, minmay_close_crescents
D:2:      layout_loops_corners, lemuel_crystal_altar,
          nicolae_ru_great_annihilating_truth, first_ration
D:3:      gammafunk_wand_slinger, layout_loops_corners,
          chequers_ecumenical_altar_grove, portal_sewer_entry_e
D:4:      layout_cave_pools, nicolae_gozag_seed_capital, lemuel_round_altar,
          gammafunk_temple_overflow_elements, serial_shops, shop_statue,
          minmay_rat_hole, uniq_natasha, uniq_edmund
D:5:      layout_loops_ring, nemelex_xobeh_ov_fountains_minmay, st_stairs_10,
          minmay_circle_x
D:6:      layout_basic, slow_altar_2, minmay_temple_entry_fiery,
          ebering_ghost_inner_flame, uniq_pikel, uniq_eustachio

Skill      XL: |  1  2  3  4  5  6  7  8 |
---------------+-------------------------+-----
Maces & Flails | 2 3 |  3.1
Invocations    | 3 4 5 6 8 |  8.2
Unarmed Combat | 1 2 3 5 7 |  7.3
Fighting       | 4 5 6 |  6.6
Armour         | |  1.7
Dodging        | |  0.8

Action                   |  1- 3 |  4- 6 |  7- 9 || total
-------------------------+-------+-------+-------++-------
Melee: Mace              |   152 |   108 |       ||   260
       Whip              |       |   142 |    18 ||   160
       Dire flail        |       |       |   237 ||   237
Invok: Depart the Abyss  |     1 |       |       ||     1
Evoke: Wand              |       |     9 |     1 ||    10
  Use: Potion            |     4 |     3 |     3 ||    10
       Scroll            |     2 |     9 |     2 ||    13
 Stab: Paralysed         |       |     2 |       ||     2
       Distracted        |       |       |     1 ||     1
  Eat: Chunk             |     2 |    14 |     9 ||    25
       Ration            |       |       |     1 ||     1
Armor: Leather armour    |    55 |    72 |       ||   127
       Ring mail         |       |    20 |   157 ||   177
Dodge: Dodged            |   118 |   171 |   120 ||   409
Block: Buckler           |       |    27 |     2 ||    29

Table legend:
 A = Non-vault XP
 B = Vault XP
 C = Vault XP percentage of total XP
 D = Non-vault monster count
 E = Vault monster count
 F = Vault count percentage of total count
                 A         B        C        D         E       F
            +---------+---------+-------+---------+---------+-------
      Total |    1226 |    1847 |  60.1 |     123 |      66 |  34.9
            +---------+---------+-------+---------+---------+-------
        D:1 |      55 |       6 |   9.8 |      35 |       4 |  10.3
        D:2 |     113 |      18 |  13.7 |      24 |       4 |  14.3
        D:3 |     153 |     123 |  44.6 |      22 |       6 |  21.4
        D:4 |     126 |     166 |  56.8 |      10 |      20 |  66.7
        D:5 |     343 |     168 |  32.9 |      10 |       4 |  28.6
        D:6 |     436 |    1113 |  71.9 |      22 |       4 |  15.4
      Sewer |       0 |     253 | 100.0 |       0 |      24 | 100.0
            +---------+---------+-------+---------+---------+-------
